AoeStats
← Mr. Penis

Black Forest

505024233Analyzed
4v4 RM · 25d ago on Sep 7, 2026· 12m 25s· 8 players
Game mode
Random Map
Map size
Large (8 player)
Population
200
Speed
Normal
Resources
Standard
Victory
Conquest
Starting age
Dark Age
Ending age
Imperial Age
RankedLock teamsTeams togetherTeam positionsShared explorationLock speedFull tech treeHidden civsTurbo modeCheats
Victory
Defeat
🇬🇵 Mongols · Guadeloupe
1241
+13
🇮🇳 Lithuanians · India
1184
+15
🇪🇸 Celts · Spain
1154
+16
🇷🇴 Bohemians · Romania
1150
+17
🇷🇺 Jurchens · Russia
1174
-16
1162
-15
🇨🇿 Britons · Czechia
1161
-15
🇬🇧 Persians · United Kingdom
1156
-15
[CH] ab ins Schällemätteli
0:29 Loom
11:06 Feudal Age
Mr. Penis
10:32 Feudal Age
11:18 Double-Bit Axe
24601
5:56 Loom
9:05 Loom
12:11 Feudal Age
10:28 Loom
Zodiac
4:19 Loom
12:29 Feudal Age
vallet.gaetan
1:04 Loom
9:41 Feudal Age
10:15 Arson
9:52 Man-at-Arms
10:50 Double-Bit Axe
eugenibeto
1:00 Loom
1:07 Loom
13:26 Feudal Age
Sageata
11:41 Feudal Age
sujithmvec2
10:25 Loom
12:49 Feudal Age
Connection lost

Rejoining the realm…

Still unreachable

The connection could not be restored.

Session expired

The server has moved on; the page needs a fresh start.